 Dungeon Crawl Stone Soup version 0.31-a0-152-g6aa68a64a1 (webtiles) character file.

Game seed: 14358512353230723521

1600 qw the Skirmisher (level 8, -5/75 HPs)
             Began as a Naga Hunter on June 9, 2023.
             Slain by a gnoll sergeant
             ... wielding a +0 spear
              (8 damage)
             ... on level 6 of the Dungeon.
             The game lasted 00:02:11 (5193 turns).

qw the Skirmisher (Naga Hunter)                     Turns: 5193, Time: 00:02:11

Health: -5/75      AC: 10    Str: 13    XL:     8   Next: 94%
Magic:  8/8        EV:  9    Int: 10    God:
Gold:   206        SH:  0    Dex: 17    Spells: 7/7 levels left

rFire   . . .        Y - +1 shortbow
rCold   + . .        (shield currently unavailable)
rNeg    . . .        h - +4 ring mail {rC+}
rPois   +            e - +0 helmet
rElec   .            (no cloak)
rCorr   .            (no gloves)
SInv    +            (no barding)
Will    +....        (no amulet)
Stlth   +            (no ring)
HPRegen 0.32/turn    (no ring)
MPRegen 0.11/turn

%: no passive effects
@: short of breath, very slow
A: AC +2, large, see invisible, deformed body, poison resistance, slowness 2,
spit poison 1, naga tail 1
a: Spit Poison


You were on level 6 of the Dungeon.
You visited 1 branch of the dungeon, and saw 6 of its levels.
You also visited: Sewer.

You collected 306 gold pieces.
You spent 100 gold pieces at shops.


Innate Abilities, Weirdness & Mutations

Your serpentine skin is tough. (AC +2)
You have supernaturally acute eyesight. (SInv)
Armour fits poorly on your strangely shaped body.
Your system is resistant to poisons. (rPois)
You cover ground very slowly.
You can spit poison.
You have a snake-like lower body.


   Skills:
 + Level 5.4 Fighting
 - Level 9.1 Ranged Weapons
 - Level 1.4 Armour
 - Level 2.5 Dodging
 - Level 1.5 Stealth


You had 7 spell levels left.
You didn't know any spells.
Your spell library was empty.

Inventory:

Hand Weapons
 Y - a +1 shortbow (weapon)
Armour
 e - a +0 helmet (worn)
 h - a +4 ring mail of cold resistance (worn)
Scrolls
 d - 2 scrolls of identify
Potions
 a - 4 potions of curing
 b - a potion of haste
 c - a potion of enlightenment {unknown}
 f - a potion of mutation

Dungeon Overview and Level Annotations

Branches:
Dungeon (6/15)              Sewer (visited)
 Temple: D:4-7

Altars:
Trog
Vehumet
Zin

Shops:
D:1 [   D:4 !


Message History

The gnoll sergeant closely misses you.
You shoot an arrow. The arrow hits the gnoll sergeant.
The gnoll sergeant is lightly wounded.
The gnoll sergeant barely misses you.
You shoot an arrow. The arrow hits the gnoll sergeant.
The gnoll sergeant is lightly wounded.
The gnoll sergeant misses you.
You shoot an arrow.
The arrow hits the gnoll sergeant but does no damage.
The gnoll sergeant is lightly wounded.
The gnoll sergeant completely misses you.
The gnoll sergeant hits you from afar with a +0 spear!
You shoot an arrow. The gnoll sergeant blocks the arrow.
The gnoll sergeant hits you but does no damage.
You shoot an arrow. The gnoll sergeant blocks the arrow.
You have got your breath back.
The gnoll sergeant closely misses you.
5189 ||| INVOKING Spit Poison.
Aiming: Spit Poison (1% risk of failure)
Press: ? - help, Shift-Dir - straight line, f/p - gnoll sergeant The gnoll sergeant blocks the splash of poison.
The gnoll sergeant hits you but does no damage.
You shoot an arrow. The arrow hits the gnoll sergeant.
The gnoll sergeant is heavily wounded.
The gnoll sergeant hits you but does no damage.
You shoot an arrow. The arrow hits the gnoll sergeant.
The gnoll sergeant is heavily wounded.
The gnoll sergeant hits you from afar with a +0 spear!
You shoot an arrow. The arrow hits the gnoll sergeant.
The gnoll sergeant is severely wounded.
You have got your breath back.
The gnoll sergeant hits you but does no damage.
5193 ||| INVOKING Spit Poison.
Aiming: Spit Poison (1% risk of failure)
Press: ? - help, Shift-Dir - straight line, f/p - gnoll sergeant The splash of poison hits the gnoll sergeant but does no damage.
The gnoll sergeant is severely wounded.
An orc comes into view. It is wielding a +0 war axe.
The gnoll sergeant hits you from afar with a +0 spear!
You die...

..## #.#..# ...# ....#
...# ... # #... #.# ####
### #.#...
##.###..######...
#.....##........##.#....
#....)#..........#..##.#
#...g))............#...
##...#@................
#...g.###.......###.....
...g#..#...........#.....
..g ##.##..........#.....
g. #................#.) $
.........o.......#..
#.#...........#.....
...........#.##..
............#...


You could see a gnoll sergeant and an orc (wandering).

Vanquished Creatures
  2 black bears (D:5)
  An orc warrior (D:4)
  2 ice beasts (D:5)
  An ogre (D:6)
  A phantom (D:4)
  3 kobold brigands (Sewer)
  Blork the orc (D:5)
  2 scorpions (D:5)
  4 hounds
  An iguana (D:5)
  A gnoll bouda (D:5)
  Ijyb (D:5)
  16 adders
  12 gnolls
  2 river rats (Sewer)
  7 worms
  3 dart slugs
  8 orcs
  10 endoplasms
  3 giant cockroaches
  7 goblins
  10 hobgoblins
  5 quokkas
  11 ball pythons
  5 bats
  4 frilled lizards
  14 kobolds
  4 rats
141 creatures vanquished.

Notes
Turn   | Place    | Note
-------+----------+-------------------------------------------
     0 | D:1      | qw the Naga Hunter began the quest for the Orb.
     0 | D:1      | Reached XP level 1. HP: 19/19 MP: 1/1
     0 | D:1      | 0 ||| qw: Version: 0.2-a-122-gbc61b45
     0 | D:1      | 0 ||| qw: Game counter: 3322
     0 | D:1      | 0 ||| qw: Always use a shield: true
     0 | D:1      | 0 ||| qw: God list: Okawaru
     0 | D:1      | 0 ||| qw: Allow faded altars: false
     0 | D:1      | 0 ||| qw: Do Orc after D:15 true
     0 | D:1      | 0 ||| qw: Do second Lair branch before Depths: true
     0 | D:1      | 0 ||| qw: Lair rune preference: random
     0 | D:1      | 0 ||| qw: Plans: Normal
     0 | D:1      | 0 ||| PLANNING D:1-11
    11 | D:1      | 11 ||| INVOKING Spit Poison.
    67 | D:1      | 67 ||| FLEEEEING.
    68 | D:1      | 68 ||| FLEEEEING.
    75 | D:1      | 75 ||| INVOKING Spit Poison.
    77 | D:1      | Reached skill level 4 in Ranged Weapons
    77 | D:1      | Reached XP level 2. HP: 26/26 MP: 2/2
   131 | D:1      | 131 ||| INVOKING Spit Poison.
   138 | D:1      | Found Gearaira's Armour Emporium.
   143 | D:1      | 143 ||| INVOKING Spit Poison.
   153 | D:1      | 153 ||| SHOPLISTING +0 cloak (63 gold, have 41).
   153 | D:1      | 153 ||| SHOPLISTING +0 pair of gloves (63 gold, have 41).
   153 | D:1      | 153 ||| SHOPLISTING +1 pair of gloves of dexterity (231
                  | gold, have 41).
   153 | D:1      | 153 ||| SHOPLISTING scarf of repulsion (168 gold, have 41).
   158 | D:1      | 158 ||| INVOKING Spit Poison.
   169 | D:1      | 169 ||| INVOKING Spit Poison.
   362 | D:1      | 362 ||| INVOKING Spit Poison.
   516 | D:1      | 516 ||| UPGRADING to +0 helmet.
   521 | D:1      | 521 ||| READING scroll labelled RUSEWK VOISH.
   522 | D:1      | 522 ||| READING scroll labelled LEAVOT UXAUSH.
   523 | D:1      | 523 ||| DROPPING scroll of butterflies.
   553 | D:2      | 553 ||| INVOKING Spit Poison.
   554 | D:2      | Reached XP level 3. HP: 32/32 MP: 3/3
   584 | D:2      | 584 ||| INVOKING Spit Poison.
   648 | D:2      | 648 ||| INVOKING Spit Poison.
   661 | D:2      | 661 ||| INVOKING Spit Poison.
   698 | D:2      | 698 ||| INVOKING Spit Poison.
   702 | D:2      | 702 ||| INVOKING Spit Poison.
   761 | D:2      | 761 ||| INVOKING Spit Poison.
   803 | D:2      | 803 ||| INVOKING Spit Poison.
   806 | D:2      | 806 ||| INVOKING Spit Poison.
   810 | D:2      | 810 ||| INVOKING Spit Poison.
   835 | D:2      | 835 ||| INVOKING Spit Poison.
   836 | D:2      | Reached skill level 5 in Ranged Weapons
   860 | D:2      | 860 ||| INVOKING Spit Poison.
   864 | D:2      | 864 ||| INVOKING Spit Poison.
   868 | D:2      | 868 ||| INVOKING Spit Poison.
   872 | D:2      | Reached XP level 4. HP: 29/39 MP: 4/4
   951 | D:2      | 951 ||| INVOKING Spit Poison.
   981 | D:2      | 981 ||| INVOKING Spit Poison.
  1043 | D:2      | 1043 ||| INVOKING Spit Poison.
  1069 | D:2      | 1069 ||| INVOKING Spit Poison.
  1107 | D:2      | 1107 ||| INVOKING Spit Poison.
  1117 | D:2      | 1117 ||| INVOKING Spit Poison.
  1146 | D:2      | 1146 ||| INVOKING Spit Poison.
  1282 | D:2      | 1282 ||| READING scroll labelled DORON ARHO.
  1283 | D:2      | 1283 ||| READING scroll labelled MAOPLUGELU.
  1284 | D:2      | 1284 ||| DRINKING 3 bubbling green potions.
  1285 | D:2      | 1285 ||| DRINKING 2 grey potions.
  1286 | D:2      | 1286 ||| DRINKING 2 fizzy ruby potions.
  1287 | D:2      | 1287 ||| DRINKING 2 sapphire potions.
  1288 | D:2      | 1288 ||| DROPPING potion of invisibility.
  1289 | D:2      | 1289 ||| DROPPING potion of magic.
  1324 | D:3      | 1324 ||| INVOKING Spit Poison.
  1345 | D:3      | 1345 ||| INVOKING Spit Poison.
  1402 | D:3      | 1402 ||| INVOKING Spit Poison.
  1403 | D:3      | Reached skill level 3 in Fighting
  1405 | D:3      | 1405 ||| INVOKING Spit Poison.
  1430 | D:3      | 1430 ||| INVOKING Spit Poison.
  1451 | D:3      | 1451 ||| INVOKING Spit Poison.
  1488 | D:3      | 1488 ||| INVOKING Spit Poison.
  1494 | D:3      | 1494 ||| INVOKING Spit Poison.
  1625 | D:3      | Found a bloodstained altar of Trog.
  1650 | D:3      | 1650 ||| INVOKING Spit Poison.
  1652 | D:3      | Reached XP level 5. HP: 49/49 MP: 5/5
  1737 | D:3      | 1737 ||| INVOKING Spit Poison.
  1812 | D:3      | 1812 ||| INVOKING Spit Poison.
  1996 | D:3      | 1996 ||| READING scroll labelled HUUBAF KIKUIHU.
  1997 | D:3      | 1997 ||| READING scroll labelled LAXEHEV QINIFO.
  2098 | D:3      | 2098 ||| READING 4 scrolls of identify.
  2098 | D:3      | 2098 ||| IDENTIFYING silvery potion
  2099 | D:3      | 2099 ||| READING 3 scrolls of identify.
  2099 | D:3      | 2099 ||| IDENTIFYING fuming golden potion
  2100 | D:3      | 2100 ||| DROPPING potion of ambrosia.
  2101 | D:3      | 2101 ||| DROPPING potion of degeneration.
  2120 | D:4      | 2120 ||| INVOKING Spit Poison.
  2124 | D:4      | 2124 ||| INVOKING Spit Poison.
  2136 | D:4      | 2136 ||| INVOKING Spit Poison.
  2190 | D:4      | Noticed a phantom
  2200 | D:4      | 2200 ||| INVOKING Spit Poison.
  2204 | D:4      | 2204 ||| INVOKING Spit Poison.
  2205 | D:4      | Killed a phantom
  2207 | D:4      | 2207 ||| INVOKING Spit Poison.
  2225 | D:4      | 2225 ||| INVOKING Spit Poison.
  2231 | D:4      | 2231 ||| INVOKING Spit Poison.
  2238 | D:4      | Reached skill level 6 in Ranged Weapons
  2277 | D:4      | 2277 ||| INVOKING Spit Poison.
  2298 | D:4      | 2298 ||| INVOKING Spit Poison.
  2306 | D:4      | You fall into a shaft and drop 1 floor!
  2306 | D:5      | Entered Level 5 of the Dungeon
  2330 | D:5      | 2330 ||| INVOKING Spit Poison.
  2336 | D:5      | Reached XP level 6. HP: 49/56 MP: 6/6
  2336 | D:5      | 2336 ||| INVOKING Spit Poison.
  2340 | D:5      | 2340 ||| INVOKING Spit Poison.
  2345 | D:5      | 2345 ||| INVOKING Spit Poison.
  2415 | D:5      | 2415 ||| UPGRADING to +1 leather armour of poison
                  | resistance.
  2425 | D:5      | 2425 ||| DROPPING +0 leather armour.
  2435 | D:4      | 2435 ||| INVOKING Spit Poison.
  2438 | D:4      | 2438 ||| INVOKING Spit Poison.
  2518 | D:4      | 2518 ||| INVOKING Spit Poison.
  2530 | D:4      | 2530 ||| INVOKING Spit Poison.
  2668 | D:4      | Found Zaecuuxke's Distillery.
  2671 | D:4      | 2671 ||| BUYING 2 potions of heal wounds (100 gold).
  2671 | D:4      | Bought 2 potions of heal wounds for 100 gold pieces
  2726 | D:4      | 2726 ||| READING 4 scrolls of identify.
  2726 | D:4      | 2726 ||| IDENTIFYING orange potion
  2727 | D:4      | 2727 ||| DROPPING potion of attraction.
  2744 | D:5      | 2744 ||| INVOKING Spit Poison.
  2744 | D:5      | Noticed an orc warrior
  2750 | D:5      | 2750 ||| INVOKING Spit Poison.
  2751 | D:5      | 2751 ||| STAIRDANCE
  2756 | D:4      | 2756 ||| INVOKING Spit Poison.
  2760 | D:4      | 2760 ||| INVOKING Spit Poison.
  2761 | D:4      | HP: 4/57 [orc warrior/+0 war axe (15)]
  2762 | D:4      | 2762 ||| DRINKING 4 potions of heal wounds.
  2763 | D:4      | 2763 ||| DRINKING 3 potions of heal wounds.
  2764 | D:4      | 2764 ||| INVOKING Spit Poison.
  2766 | D:4      | Killed an orc warrior
  2907 | D:5      | 2907 ||| INVOKING Spit Poison.
  2949 | D:5      | Noticed an ice beast
  2956 | D:5      | Killed an ice beast
  2957 | D:5      | Reached XP level 7. HP: 64/64 MP: 7/7
  2978 | D:5      | 2978 ||| INVOKING Spit Poison.
  2996 | D:5      | 2996 ||| INVOKING Spit Poison.
  3003 | D:5      | Found a radiant altar of Vehumet.
  3006 | D:5      | 3006 ||| INVOKING Spit Poison.
  3044 | D:5      | Reached skill level 7 in Ranged Weapons
  3163 | D:5      | Found a glowing silver altar of Zin.
  3185 | D:5      | 3185 ||| INVOKING Spit Poison.
  3203 | D:5      | 3203 ||| INVOKING Spit Poison.
  3208 | D:5      | 3208 ||| INVOKING Spit Poison.
  3212 | D:5      | 3212 ||| INVOKING Spit Poison.
  3216 | D:5      | 3216 ||| INVOKING Spit Poison.
  3224 | D:5      | 3224 ||| INVOKING Spit Poison.
  3238 | D:5      | 3238 ||| INVOKING Spit Poison.
  3242 | D:5      | 3242 ||| INVOKING Spit Poison.
  3314 | D:5      | 3314 ||| INVOKING Spit Poison.
  3317 | D:5      | 3317 ||| INVOKING Spit Poison.
  3320 | D:5      | 3320 ||| INVOKING Spit Poison.
  3321 | D:5      | Reached XP level 8. HP: 61/72 MP: 8/8
  3359 | D:5      | 3359 ||| INVOKING Spit Poison.
  3365 | D:5      | 3365 ||| INVOKING Spit Poison.
  3366 | D:5      | Reached skill level 8 in Ranged Weapons
  3484 | D:5      | 3484 ||| INVOKING Spit Poison.
  3487 | D:5      | Noticed Ijyb
  3488 | D:5      | 3488 ||| INVOKING Spit Poison.
  3495 | D:5      | 3495 ||| INVOKING Spit Poison.
  3498 | D:5      | 3498 ||| INVOKING Spit Poison.
  3502 | D:5      | 3502 ||| INVOKING Spit Poison.
  3504 | D:5      | Paralysed by Ijyb for 5 turns
  3509 | D:5      | 3509 ||| INVOKING Spit Poison.
  3516 | D:5      | 3516 ||| INVOKING Spit Poison.
  3516 | D:5      | Killed Ijyb
  3682 | D:5      | Noticed Blork the orc
  3684 | D:5      | 3684 ||| INVOKING Spit Poison.
  3688 | D:5      | 3688 ||| INVOKING Spit Poison.
  3693 | D:5      | 3693 ||| INVOKING Spit Poison.
  3693 | D:5      | Killed Blork the orc
  3989 | D:5      | 3989 ||| INVOKING Spit Poison.
  3996 | D:5      | 3996 ||| INVOKING Spit Poison.
  4003 | D:5      | 4003 ||| INVOKING Spit Poison.
  4145 | D:5      | 4145 ||| INVOKING Spit Poison.
  4151 | D:5      | 4151 ||| INVOKING Spit Poison.
  4180 | D:5      | 4180 ||| INVOKING Spit Poison.
  4387 | D:5      | 4387 ||| UPGRADING to +4 ring mail of cold resistance.
  4397 | D:5      | 4397 ||| DROPPING +1 leather armour of poison resistance.
  4398 | D:5      | 4398 ||| READING scroll labelled ZIPPEE SEIRPH.
  4399 | D:5      | 4399 ||| READING scroll labelled NEWNON ARHIWE.
  4400 | D:5      | 4400 ||| READING 4 scrolls of identify.
  4400 | D:5      | 4400 ||| IDENTIFYING dark potion
  4412 | D:6      | 4412 ||| PLANNING SEWER
  4429 | D:6      | Found a glowing drain.
  4439 | D:6      | 4439 ||| INVOKING Spit Poison.
  4444 | Sewer    | Entered a sewer
  4522 | Sewer    | 4522 ||| INVOKING Spit Poison.
  4525 | Sewer    | 4525 ||| INVOKING Spit Poison.
  4540 | Sewer    | 4540 ||| INVOKING Spit Poison.
  4546 | Sewer    | 4546 ||| INVOKING Spit Poison.
  4549 | Sewer    | Reached skill level 1 in Armour
  4657 | Sewer    | 4657 ||| INVOKING Spit Poison.
  4660 | Sewer    | 4660 ||| INVOKING Spit Poison.
  4666 | Sewer    | 4666 ||| INVOKING Spit Poison.
  4700 | Sewer    | 4700 ||| INVOKING Spit Poison.
  4703 | Sewer    | 4703 ||| INVOKING Spit Poison.
  4708 | Sewer    | 4708 ||| INVOKING Spit Poison.
  4732 | Sewer    | 4732 ||| INVOKING Spit Poison.
  4792 | Sewer    | 4792 ||| INVOKING Spit Poison.
  4796 | Sewer    | 4796 ||| INVOKING Spit Poison.
  4811 | Sewer    | 4811 ||| INVOKING Spit Poison.
  4814 | Sewer    | 4814 ||| INVOKING Spit Poison.
  4819 | Sewer    | 4819 ||| INVOKING Spit Poison.
  4825 | Sewer    | 4825 ||| INVOKING Spit Poison.
  4862 | Sewer    | 4862 ||| INVOKING Spit Poison.
  4867 | Sewer    | 4867 ||| INVOKING Spit Poison.
  4940 | Sewer    | 4940 ||| INVOKING Spit Poison.
  5003 | Sewer    | 5003 ||| INVOKING Spit Poison.
  5006 | Sewer    | 5006 ||| INVOKING Spit Poison.
  5018 | Sewer    | 5018 ||| DRINKING 2 ruby potions.
  5019 | Sewer    | 5019 ||| READING 3 scrolls of identify.
  5019 | Sewer    | 5019 ||| IDENTIFYING inky potion
  5020 | Sewer    | 5020 ||| DROPPING potion of brilliance.
  5042 | D:6      | 5042 ||| PLANNING D:1-11
  5061 | D:6      | 5061 ||| INVOKING Spit Poison.
  5067 | D:6      | 5067 ||| INVOKING Spit Poison.
  5068 | D:6      | Reached skill level 9 in Ranged Weapons
  5153 | D:6      | 5153 ||| INVOKING Spit Poison.
  5154 | D:6      | 5154 ||| Stepping ~*~*~tactically~*~*~ (outnumbered).
  5156 | D:6      | 5156 ||| Stepping ~*~*~tactically~*~*~ (outnumbered).
  5158 | D:6      | 5158 ||| Stepping ~*~*~tactically~*~*~ (outnumbered).
  5159 | D:6      | 5159 ||| INVOKING Spit Poison.
  5165 | D:6      | 5165 ||| INVOKING Spit Poison.
  5168 | D:6      | 5168 ||| INVOKING Spit Poison.
  5168 | D:6      | HP: 17/74 [gnoll/+0 halberd[a gnoll sergeant] (3)]
  5169 | D:6      | 5169 ||| DRINKING 3 potions of heal wounds.
  5172 | D:6      | 5172 ||| INVOKING Spit Poison.
  5173 | D:6      | HP: 11/74 [gnoll/+0 halberd[a gnoll sergeant] (9)]
  5173 | D:6      | HP: 4/74 [gnoll sergeant/+0 spear (7)]
  5174 | D:6      | 5174 ||| DRINKING 2 potions of heal wounds.
  5177 | D:6      | 5177 ||| DRINKING potion of heal wounds.
  5178 | D:6      | 5178 ||| INVOKING Spit Poison.
  5180 | D:6      | HP: 18/74 [gnoll sergeant/+0 spear (3)]
  5182 | D:6      | 5182 ||| INVOKING Spit Poison.
  5186 | D:6      | HP: 7/75 [gnoll sergeant/+0 spear (7)]
  5189 | D:6      | 5189 ||| INVOKING Spit Poison.
  5191 | D:6      | HP: 2/75 [gnoll sergeant/+0 spear (7)]
  5193 | D:6      | 5193 ||| INVOKING Spit Poison.
  5193 | D:6      | Slain by a gnoll sergeant

Levels and vault maps discovered:
D:1:      dpeg_arrival_line_fractal, layout_basic, serial_shops, shop
D:2:      layout_loops_cross
D:3:      layout_basic, trog_book
D:4:      layout_rooms, serial_shops, kennysheep_mini_moat,
          kennysheep_generic_room_13
D:5:      layout_loops_ring, mainiacjoe_overflow_chevrons,
          mainiacjoe_overflow_paths, serial_rivers,
          chequers_serial_rivers_small_b, chequers_serial_rivers_small_b,
          chequers_serial_rivers_micro_d, chequers_serial_rivers_small_b,
          chequers_serial_rivers_micro_d, chequers_serial_rivers_small_3,
          minmay_circle_x, uniq_blork_the_orc, uniq_ijyb
D:6:      layout_cave_pools, ebering_ghost_reflecting_pool,
          cheibrodos_sewer_entry_drain, corexii_checkpoint_a,
          kennysheep_generic_room_2

Skill      XL: |  1  2  3  4  5  6  7  8 |
---------------+-------------------------+-----
Ranged Weapons | 4 5 6 7 9 |  9.1
Fighting       | 3 4 5 |  5.4
Dodging        | 2 |  2.5
Armour         | 1 |  1.4
Stealth        | |  1.5

Action                     |  1- 3 |  4- 6 |  7- 9 || total
---------------------------+-------+-------+-------++-------
   Fire: Shortbow          |    60 |   120 |   230 ||   410
Ability: Spit Poison       |    21 |    42 |    66 ||   129
    Use: Scroll            |     2 |     7 |     4 ||    13
         Potion            |       |     6 |     4 ||    10
 Armour: Leather armour    |     9 |    16 |    20 ||    45
         Ring mail         |       |       |    28 ||    28
  Dodge: Dodged            |    11 |    29 |    75 ||   115

Table legend:
 A = Non-vault XP
 B = Vault XP
 C = Vault XP percentage of total XP
 D = Non-vault monster count
 E = Vault monster count
 F = Vault count percentage of total count
                 A         B        C        D         E       F
            +---------+---------+-------+---------+---------+-------
      Total |    1496 |     790 |  34.6 |     103 |      38 |  27.0
            +---------+---------+-------+---------+---------+-------
        D:1 |      32 |       0 |   0.0 |      16 |       0 |   0.0
        D:2 |      87 |       0 |   0.0 |      23 |       0 |   0.0
        D:3 |      53 |       0 |   0.0 |      17 |       0 |   0.0
        D:4 |     324 |       2 |   0.6 |      16 |       1 |   5.9
        D:5 |     772 |     380 |  33.0 |      22 |       6 |  21.4
        D:6 |     228 |      12 |   5.0 |       9 |       3 |  25.0
      Sewer |       0 |     396 | 100.0 |       0 |      28 | 100.0
            +---------+---------+-------+---------+---------+-------
